Predators vs Hurricanes

Created - March 27 2011 at 12:13

Goals
1 2 3 T
Predators 1 2 3 6
Hurricanes 1 2 0 3
Shots
1 2 3 T
Predators 6 14 11 31
Hurricanes 10 14 5 29

Period #1

1. Predators , Tomas Kaberle 14 (Patric Hornqvist, Nicklas Backstrom) at 5:12 (PP)
2. Hurricanes , Jarome Iginla 37 (Eric Staal) at 5:29 (PP)

Penalties :
Shea Weber (NSH) for Hooking (Minor) at 0:13, Freddy Meyer (CAR) for Hooking (Minor) at 4:05, Shea Weber (NSH) for Slashing (Double Minor) at 5:27, Simon Gagne (NSH) for Hooking (Minor) at 8:26, Zbynek Michalek (NSH) for Holding (Minor) at 12:29, Shea Weber (NSH) for Interference (Minor) at 15:22, Ryan Wilson (CAR) for Tripping (Minor) at 19:18

Period #2

3. Predators , Patric Hornqvist 21 (Zbynek Michalek, Milan Michalek) at 1:38
4. Predators , Jeff Carter 41 (Steven Stamkos, Scottie Upshall) at 4:09 (PP)
5. Hurricanes , Jarome Iginla 38 (Andy Greene) at 6:45
6. Hurricanes , Andy Greene 15 (Ryan Wilson, Eric Staal) at 9:25 (PP)

Penalties :
Brandon Yip (CAR) for Hooking (Minor) at 3:46, Shea Weber (NSH) for Tripping (Minor) at 8:47, Ryan Wilson (CAR) for Hooking (Minor) at 12:24, Shea Weber (NSH) for Hooking (Minor) at 16:45, Brent Burns (NSH) for Charging (Minor) at 18:56

Period #3

7. Predators , Marian Gaborik 42 (Nicklas Backstrom, Shea Weber) at 1:57 (PP)
8. Predators , Marian Gaborik 43 (Nicklas Backstrom, Patric Hornqvist) at 5:55 (PP)
9. Predators , Scottie Upshall 17 (Steven Stamkos, Milan Michalek) at 6:22 (PP)

Penalties :
Johnny Oduya (CAR) for High sticking (Minor) at 1:25, Jamie Benn (CAR) for Slashing (Minor) at 2:13, Jamie Benn (CAR) for Slashing (Double Minor) at 5:33, Chris Thorburn (CAR) for High sticking (Minor) at 15:33

Goalie Stats

Pekka Rinne (NSH), 26 saves from 29 shots - (0.897), W, 50-20-4, 60:00 minutes
Brian Elliott (CAR), 25 saves from 31 shots - (0.806), L, 12-12-1, 60:00 minutes

Players Stats

Predators
Player Name              G  A  P  +/- PIM S  H  SB FO    MP 
------------------------------------------------------------
Braydon Coburn           0  0  0  -1  0   1  1  2  0/0   17 
Brent Burns              0  0  0   0  2   1  1  0  0/0   19 
Colin Fraser             0  0  0   0  0   0  0  0  16/36 15 
Daniel Carcillo          0  0  0   0  0   0  4  1  0/0   6  
Derek Morris             0  0  0   1  0   0  0  1  0/0   18 
Jeff Carter              1  0  1   0  0   6  0  0  1/3   13 
Marian Gaborik           2  0  2  -1  0   6  0  0  0/1   16 
Milan Michalek           0  2  2   1  0   1  0  0  1/1   21 
Nicklas Backstrom        0  3  3   0  0   1  0  0  17/27 18 
Patric Hornqvist         1  2  3   1  0   2  1  0  2/2   16 
Patrik Elias             0  0  0   1  0   4  2  0  8/14  12 
Scottie Upshall          1  1  2   0  0   3  4  0  1/1   12 
Shea Weber               0  1  1   0  12  0  0  0  0/0   21 
Simon Gagne              0  0  0  -1  2   2  1  0  0/1   16 
Steven Stamkos           0  2  2  -1  0   1  0  0  11/17 17 
Tomas Kaberle            1  0  1  -1  0   2  0  0  0/0   22 
Wayne Simmonds           0  0  0   0  0   0  1  0  0/0   6  
Zbynek Michalek          0  1  1   1  2   1  2  1  0/0   20 
Hurricanes
Player Name              G  A  P  +/- PIM S  H  SB FO    MP 
------------------------------------------------------------
Andy Greene              1  1  2   1  0   4  1  2  0/0   23 
Brandon Yip              0  0  0   0  2   1  4  0  1/1   13 
Chris Thorburn           0  0  0  -1  2   2  3  1  0/2   13 
Eric Staal               0  2  2   1  0   5  0  0  14/31 23 
Freddy Meyer             0  0  0   0  2   0  2  1  0/0   22 
Jamie Benn               0  0  0   1  6   1  1  0  2/3   19 
Jan Hejda                0  0  0  -1  0   0  2  1  0/0   15 
Jarome Iginla            2  0  2   1  0   4  0  1  0/2   23 
Jaroslav Spacek          0  0  0   0  0   5  0  2  0/0   22 
Jed Ortmeyer             0  0  0  -1  0   0  0  0  0/1   13 
Jere Lehtinen            0  0  0   0  0   1  0  1  0/1   19 
Johnny Oduya             0  0  0  -1  2   0  1  0  0/0   20 
Martin Hanzal            0  0  0  -1  0   4  3  0  17/34 22 
Michael Ryder            0  0  0   0  0   1  1  0  0/1   10 
Mikhail Grabovski        0  0  0   0  0   0  0  1  7/20  11 
Ryan OByrne              0  0  0   0  0   0  0  0  0/0   1  
Ryan Wilson              0  1  1   1  4   1  1  1  0/0   16 
Steven Reinprecht        0  0  0   0  0   0  0  0  5/7   2  

3 Stars

1 - Patric Hornqvist (NSH)
2 - Jarome Iginla (CAR)
3 - Scottie Upshall (NSH)

Power Play

Predators - 5 on 8 Attempt(s) - 62.50%
Hurricanes - 2 on 8 Attempt(s) - 25.00%

Penalty Kill

Predators - 6 on 8 Attempt(s) - 75.00% - Score 0 goal in Penalty Kill
Hurricanes - 3 on 8 Attempt(s) - 37.50% - Score 0 goal in Penalty Kill

Game Notes

No Game Note

Finance

Level 1 -- Attendance: 5823 (97.05%) -- Ticket Income $524,070.00
Level 2 -- Attendance: 3998 (79.96%) -- Ticket Income $219,890.00
Level 3 -- Attendance: 2648 (75.66%) -- Ticket Income $92,680.00
Level 4 -- Attendance: 2902 (89.85%) -- Ticket Income $55,138.00
Luxury Box -- Attendance: 1000 (100.00%) -- Ticket Income $185,000.00
Game was played at the RBC Center
Total Attendance: 16371 (87.41%)
Total Ticket Income: $1,078,482.00
Other Income: $213,384.00
Total Income: $1,291,866.00


Play by Play

Period #1

0:01 of 1st period - Nicklas Backstrom wins face-off versus Eric Staal in neutral zone.
0:13 of 1st period - Minor Penalty to Shea Weber for Hooking.
0:14 of 1st period - Martin Hanzal wins face-off versus Colin Fraser in Predators zone.
0:30 of 1st period - Off-side.
0:31 of 1st period - Eric Staal wins face-off versus Colin Fraser in neutral zone.
0:59 of 1st period - Shot by Ryan Wilson.
0:59 of 1st period - Shot Misses the Net.
1:04 of 1st period - Shot by Eric Staal.
1:04 of 1st period - Stopped by Pekka Rinne with a rebound.
1:46 of 1st period - Icing by Freddy Meyer.
1:47 of 1st period - Nicklas Backstrom wins face-off versus Martin Hanzal in Hurricanes zone.
1:51 of 1st period - Icing by Michael Ryder.
1:52 of 1st period - Martin Hanzal wins face-off versus Nicklas Backstrom in Hurricanes zone.
2:16 of 1st period - Shot by Chris Thorburn.
2:16 of 1st period - Stopped by Pekka Rinne without a rebound.
2:17 of 1st period - Colin Fraser wins face-off versus Martin Hanzal in Predators zone.
2:27 of 1st period - Icing by Johnny Oduya.
2:28 of 1st period - Steven Stamkos wins face-off versus Chris Thorburn in Hurricanes zone.
3:08 of 1st period - Shot by Steven Stamkos.
3:08 of 1st period - Deflect By Marian Gaborik.
3:08 of 1st period - Stopped by Brian Elliott without a rebound.
3:09 of 1st period - Jamie Benn wins face-off versus Jeff Carter in Hurricanes zone.
3:20 of 1st period - Shot by Eric Staal.
3:20 of 1st period - Shot Misses the Net.
3:22 of 1st period - Shot by Eric Staal.
3:22 of 1st period - Stopped by Pekka Rinne without a rebound.
3:23 of 1st period - Mikhail Grabovski wins face-off versus Patrik Elias in Predators zone.
3:23 of 1st period - Mikhail Grabovski is hit by Zbynek Michalek.
3:25 of 1st period - Shot by Brandon Yip.
3:25 of 1st period - Stopped by Pekka Rinne without a rebound.
3:26 of 1st period - Patrik Elias wins face-off versus Mikhail Grabovski in Predators zone.
3:26 of 1st period - Patrik Elias is hit by Brandon Yip.
4:05 of 1st period - Minor Penalty to Freddy Meyer for Hooking.
4:06 of 1st period - Steven Stamkos wins face-off versus Eric Staal in Hurricanes zone.
5:10 of 1st period - Shot by Patric Hornqvist.
5:10 of 1st period - Shot Misses the Net.
5:12 of 1st period - Shot by Tomas Kaberle.
5:12 of 1st period - Goal by Tomas Kaberle - Predators : 1 - Hurricanes : 0.
5:13 of 1st period - Colin Fraser wins face-off versus Steven Reinprecht in neutral zone.
5:21 of 1st period - Shea Weber is hit by Michael Ryder and loses puck.
5:27 of 1st period - Double Minor Penalty to Shea Weber for Slashing.
5:28 of 1st period - Eric Staal wins face-off versus Colin Fraser in Predators zone.
5:29 of 1st period - Shot by Jarome Iginla.
5:29 of 1st period - Goal by Jarome Iginla - Predators : 1 - Hurricanes : 1.
5:30 of 1st period - Colin Fraser wins face-off versus Eric Staal in neutral zone.
5:55 of 1st period - Shot by Jarome Iginla.
5:55 of 1st period - Stopped by Pekka Rinne without a rebound.
5:56 of 1st period - Martin Hanzal wins face-off versus Colin Fraser in Predators zone.
6:07 of 1st period - Shot by Jaroslav Spacek.
6:07 of 1st period - Stopped by Pekka Rinne without a rebound.
6:08 of 1st period - Nicklas Backstrom wins face-off versus Martin Hanzal in Predators zone.
6:36 of 1st period - Shot by Jamie Benn.
6:36 of 1st period - Stopped by Pekka Rinne without a rebound.
6:37 of 1st period - Nicklas Backstrom wins face-off versus Eric Staal in Predators zone.
6:43 of 1st period - Icing by Jarome Iginla.
6:44 of 1st period - Eric Staal wins face-off versus Colin Fraser in Hurricanes zone.
8:04 of 1st period - Icing by Brent Burns.
8:05 of 1st period - Mikhail Grabovski wins face-off versus Nicklas Backstrom in Predators zone.
8:14 of 1st period - Shot by Mikhail Grabovski.
8:14 of 1st period - Deflect By Brandon Yip.
8:14 of 1st period - Shot Hit the Post.
8:26 of 1st period - Minor Penalty to Simon Gagne for Hooking.
8:27 of 1st period - Eric Staal wins face-off versus Colin Fraser in Predators zone.
10:28 of 1st period - Shot by Patrik Elias.
10:28 of 1st period - Stopped by Brian Elliott without a rebound.
10:29 of 1st period - Milan Michalek wins face-off versus Martin Hanzal in Hurricanes zone.
10:29 of 1st period - Milan Michalek is hit by Jan Hejda.
10:47 of 1st period - Shot by Patrik Elias.
10:47 of 1st period - Stopped by Brian Elliott without a rebound.
10:48 of 1st period - Brandon Yip wins face-off versus Nicklas Backstrom in Hurricanes zone.
11:01 of 1st period - Mikhail Grabovski is hit by Scottie Upshall and loses puck.
11:33 of 1st period - Icing by Shea Weber.
11:34 of 1st period - Nicklas Backstrom wins face-off versus Jed Ortmeyer in Predators zone.
11:34 of 1st period - Nicklas Backstrom is hit by Chris Thorburn.
11:54 of 1st period - Shot by Chris Thorburn.
11:54 of 1st period - Shot Misses the Net.
12:18 of 1st period - Shot by Marian Gaborik.
12:18 of 1st period - Shot Misses the Net.
12:20 of 1st period - Shot by Marian Gaborik.
12:20 of 1st period - Stopped by Brian Elliott without a rebound.
12:21 of 1st period - Eric Staal wins face-off versus Patrik Elias in Hurricanes zone.
12:29 of 1st period - Minor Penalty to Zbynek Michalek for Holding.
12:30 of 1st period - Colin Fraser wins face-off versus Eric Staal in Predators zone.
12:57 of 1st period - Shot by Ryan Wilson.
12:57 of 1st period - Shot Misses the Net.
12:59 of 1st period - Shot by Eric Staal.
12:59 of 1st period - Stopped by Pekka Rinne without a rebound.
13:00 of 1st period - Colin Fraser wins face-off versus Jere Lehtinen in Predators zone.
13:21 of 1st period - Shot by Jaroslav Spacek.
13:21 of 1st period - Shot Misses the Net.
13:23 of 1st period - Shot by Jere Lehtinen.
13:23 of 1st period - Shot Misses the Net.
14:26 of 1st period - Brent Burns is hit by Brandon Yip and loses puck.
14:51 of 1st period - Icing by Martin Hanzal.
14:52 of 1st period - Martin Hanzal wins face-off versus Jeff Carter in Hurricanes zone.
15:01 of 1st period - Shot by Martin Hanzal.
15:01 of 1st period - Stopped by Pekka Rinne without a rebound.
15:02 of 1st period - Steven Stamkos wins face-off versus Mikhail Grabovski in Predators zone.
15:02 of 1st period - Steven Stamkos is hit by Brandon Yip.
15:12 of 1st period - Shot by Marian Gaborik.
15:12 of 1st period - Stopped by Brian Elliott without a rebound.
15:13 of 1st period - Steven Reinprecht wins face-off versus Nicklas Backstrom in Hurricanes zone.
15:13 of 1st period - Steven Reinprecht is hit by Scottie Upshall.
15:22 of 1st period - Minor Penalty to Shea Weber for Interference.
15:23 of 1st period - Martin Hanzal wins face-off versus Colin Fraser in Predators zone.
16:28 of 1st period - Eric Staal is hit by Brent Burns and loses puck.
17:01 of 1st period - Shot by Michael Ryder.
17:01 of 1st period - Deflect By Brandon Yip.
17:01 of 1st period - Shot Misses the Net.
17:43 of 1st period - Icing by Brent Burns.
17:44 of 1st period - Mikhail Grabovski wins face-off versus Nicklas Backstrom in Predators zone.
19:17 of 1st period - Shot by Patrik Elias.
19:17 of 1st period - Deflect By Patric Hornqvist.
19:17 of 1st period - Shot Misses the Net.
19:18 of 1st period - Minor Penalty to Ryan Wilson for Tripping.
19:19 of 1st period - Nicklas Backstrom wins face-off versus Eric Staal in Hurricanes zone.

Period #2

0:01 of 2nd period - Eric Staal wins face-off versus Marian Gaborik in neutral zone.
1:21 of 2nd period - Shot by Scottie Upshall.
1:21 of 2nd period - Shot Misses the Net.
1:24 of 2nd period - Icing by Martin Hanzal.
1:25 of 2nd period - Patrik Elias wins face-off versus Martin Hanzal in Hurricanes zone.
1:30 of 2nd period - Shot by Patrik Elias.
1:30 of 2nd period - Shot Misses the Net.
1:32 of 2nd period - Shot by Milan Michalek.
1:32 of 2nd period - Shot Misses the Net.
1:34 of 2nd period - Shot by Zbynek Michalek.
1:34 of 2nd period - Shot Misses the Net.
1:38 of 2nd period - Shot by Patric Hornqvist.
1:38 of 2nd period - Goal by Patric Hornqvist - Predators : 2 - Hurricanes : 1.
1:39 of 2nd period - Colin Fraser wins face-off versus Mikhail Grabovski in neutral zone.
1:42 of 2nd period - Jere Lehtinen is hit by Daniel Carcillo and loses puck.
2:29 of 2nd period - Icing by Brent Burns.
2:30 of 2nd period - Colin Fraser wins face-off versus Eric Staal in Predators zone.
2:53 of 2nd period - Shot by Jarome Iginla.
2:53 of 2nd period - Deflect By Eric Staal.
2:53 of 2nd period - Shot Misses the Net.
2:55 of 2nd period - Shot by Ryan Wilson.
2:55 of 2nd period - Stopped by Pekka Rinne without a rebound.
2:56 of 2nd period - Martin Hanzal wins face-off versus Steven Stamkos in Predators zone.
3:25 of 2nd period - Shot by Simon Gagne.
3:25 of 2nd period - Stopped by Brian Elliott without a rebound.
3:26 of 2nd period - Patrik Elias wins face-off versus Eric Staal in Hurricanes zone.
3:27 of 2nd period - Shot by Milan Michalek.
3:27 of 2nd period - Shot Blocked by Jarome Iginla.
3:35 of 2nd period - Shot by Eric Staal.
3:35 of 2nd period - Shot Misses the Net.
3:39 of 2nd period - Shot by Jarome Iginla.
3:39 of 2nd period - Shot Misses the Net.
3:43 of 2nd period - Shot by Eric Staal.
3:43 of 2nd period - Stopped by Pekka Rinne without a rebound.
3:44 of 2nd period - Steven Stamkos wins face-off versus Mikhail Grabovski in Predators zone.
3:46 of 2nd period - Minor Penalty to Brandon Yip for Hooking.
3:47 of 2nd period - Martin Hanzal wins face-off versus Steven Stamkos in Hurricanes zone.
3:58 of 2nd period - Eric Staal is hit by Scottie Upshall and loses puck.
4:07 of 2nd period - Shot by Scottie Upshall.
4:07 of 2nd period - Shot Misses the Net.
4:09 of 2nd period - Shot by Steven Stamkos.
4:09 of 2nd period - Deflect By Jeff Carter.
4:09 of 2nd period - Goal by Jeff Carter - Predators : 3 - Hurricanes : 1.
4:10 of 2nd period - Patrik Elias wins face-off versus Mikhail Grabovski in neutral zone.
5:04 of 2nd period - Shot by Steven Stamkos.
5:04 of 2nd period - Stopped by Brian Elliott without a rebound.
5:05 of 2nd period - Nicklas Backstrom wins face-off versus Jarome Iginla in Hurricanes zone.
5:30 of 2nd period - Shot by Nicklas Backstrom.
5:30 of 2nd period - Shot Blocked by Ryan Wilson.
5:32 of 2nd period - Shot by Nicklas Backstrom.
5:32 of 2nd period - Deflect By Jeff Carter.
5:32 of 2nd period - Stopped by Brian Elliott without a rebound.
5:33 of 2nd period - Steven Stamkos wins face-off versus Martin Hanzal in Hurricanes zone.
5:33 of 2nd period - Steven Stamkos is hit by Jan Hejda.
5:41 of 2nd period - Simon Gagne is hit by Martin Hanzal and loses puck.
6:07 of 2nd period - Shot by Martin Hanzal.
6:07 of 2nd period - Deflect By Chris Thorburn.
6:07 of 2nd period - Stopped by Pekka Rinne with a rebound.
6:45 of 2nd period - Shot by Jarome Iginla.
6:45 of 2nd period - Goal by Jarome Iginla - Predators : 3 - Hurricanes : 2.
6:46 of 2nd period - Patrik Elias wins face-off versus Mikhail Grabovski in neutral zone.
6:49 of 2nd period - Jaroslav Spacek is hit by Patrik Elias and loses puck.
6:59 of 2nd period - Icing by Brandon Yip.
7:00 of 2nd period - Jeff Carter wins face-off versus Mikhail Grabovski in Hurricanes zone.
7:07 of 2nd period - Shot by Nicklas Backstrom.
7:07 of 2nd period - Shot Blocked by Mikhail Grabovski.
7:11 of 2nd period - Shot by Nicklas Backstrom.
7:11 of 2nd period - Shot Misses the Net.
7:13 of 2nd period - Shot by Shea Weber.
7:13 of 2nd period - Shot Misses the Net.
7:15 of 2nd period - Shot by Jeff Carter.
7:15 of 2nd period - Shot Blocked by Jere Lehtinen.
7:26 of 2nd period - Icing by Freddy Meyer.
7:27 of 2nd period - Mikhail Grabovski wins face-off versus Patrik Elias in Hurricanes zone.
7:27 of 2nd period - Freddy Meyer is hit by Patrik Elias and loses puck.
8:16 of 2nd period - Shot by Eric Staal.
8:16 of 2nd period - Deflect By Jarome Iginla.
8:16 of 2nd period - Stopped by Pekka Rinne without a rebound.
8:17 of 2nd period - Martin Hanzal wins face-off versus Nicklas Backstrom in Predators zone.
8:28 of 2nd period - Shot by Jeff Carter.
8:28 of 2nd period - Stopped by Brian Elliott without a rebound.
8:29 of 2nd period - Eric Staal wins face-off versus Colin Fraser in Hurricanes zone.
8:47 of 2nd period - Minor Penalty to Shea Weber for Tripping.
8:48 of 2nd period - Jamie Benn wins face-off versus Colin Fraser in Predators zone.
8:55 of 2nd period - Shot by Jaroslav Spacek.
8:55 of 2nd period - Stopped by Pekka Rinne without a rebound.
8:56 of 2nd period - Eric Staal wins face-off versus Colin Fraser in Predators zone.
8:57 of 2nd period - Shot by Andy Greene.
8:57 of 2nd period - Stopped by Pekka Rinne without a rebound.
8:58 of 2nd period - Colin Fraser wins face-off versus Eric Staal in Predators zone.
9:23 of 2nd period - Shot by Ryan Wilson.
9:23 of 2nd period - Shot Misses the Net.
9:25 of 2nd period - Shot by Andy Greene.
9:25 of 2nd period - Goal by Andy Greene - Predators : 3 - Hurricanes : 3.
9:26 of 2nd period - Nicklas Backstrom wins face-off versus Martin Hanzal in neutral zone.
9:37 of 2nd period - Shot by Nicklas Backstrom.
9:37 of 2nd period - Stopped by Brian Elliott without a rebound.
9:38 of 2nd period - Steven Stamkos wins face-off versus Mikhail Grabovski in Hurricanes zone.
10:45 of 2nd period - Martin Hanzal is hit by Scottie Upshall and loses puck.
11:27 of 2nd period - Shot by Patric Hornqvist.
11:27 of 2nd period - Shot Blocked by Chris Thorburn.
11:35 of 2nd period - Shot by Zbynek Michalek.
11:35 of 2nd period - Stopped by Brian Elliott without a rebound.
11:36 of 2nd period - Colin Fraser wins face-off versus Eric Staal in Hurricanes zone.
11:36 of 2nd period - Shea Weber is hit by Andy Greene.
11:59 of 2nd period - Shot by Wayne Simmonds.
11:59 of 2nd period - Shot Misses the Net.
12:24 of 2nd period - Shot by Patrik Elias.
12:24 of 2nd period - Stopped by Brian Elliott without a rebound.
12:24 of 2nd period - Minor Penalty to Ryan Wilson for Hooking.
12:25 of 2nd period - Nicklas Backstrom wins face-off versus Michael Ryder in Hurricanes zone.
13:23 of 2nd period - Shot by Jeff Carter.
13:23 of 2nd period - Shot Blocked by Jaroslav Spacek.
13:27 of 2nd period - Shot by Milan Michalek.
13:27 of 2nd period - Shot Misses the Net.
13:29 of 2nd period - Shot by Steven Stamkos.
13:29 of 2nd period - Shot Misses the Net.
13:31 of 2nd period - Shot by Brent Burns.
13:31 of 2nd period - Shot Misses the Net.
13:35 of 2nd period - Shot by Scottie Upshall.
13:35 of 2nd period - Stopped by Brian Elliott with a rebound.
13:37 of 2nd period - Shot by Milan Michalek.
13:37 of 2nd period - Shot Blocked by Jaroslav Spacek.
13:39 of 2nd period - Shot by Jeff Carter.
13:39 of 2nd period - Stopped by Brian Elliott without a rebound.
13:40 of 2nd period - Nicklas Backstrom wins face-off versus Eric Staal in Hurricanes zone.
13:58 of 2nd period - Icing by Patric Hornqvist.
13:59 of 2nd period - Martin Hanzal wins face-off versus Nicklas Backstrom in Predators zone.
14:11 of 2nd period - Icing by Nicklas Backstrom.
14:12 of 2nd period - Nicklas Backstrom wins face-off versus Eric Staal in Predators zone.
14:58 of 2nd period - Off-side.
14:59 of 2nd period - Steven Reinprecht wins face-off versus Colin Fraser in neutral zone.
15:57 of 2nd period - Shot by Jarome Iginla.
15:57 of 2nd period - Shot Blocked by Braydon Coburn.
16:06 of 2nd period - Steven Stamkos is hit by Ryan Wilson and loses puck.
16:29 of 2nd period - Shot by Patrik Elias.
16:29 of 2nd period - Stopped by Brian Elliott with a rebound.
16:33 of 2nd period - Shot by Milan Michalek.
16:33 of 2nd period - Stopped by Brian Elliott without a rebound.
16:34 of 2nd period - Nicklas Backstrom wins face-off versus Martin Hanzal in Hurricanes zone.
16:39 of 2nd period - Shot by Jeff Carter.
16:39 of 2nd period - Stopped by Brian Elliott without a rebound.
16:40 of 2nd period - Martin Hanzal wins face-off versus Colin Fraser in Hurricanes zone.
16:40 of 2nd period - Martin Hanzal is hit by Daniel Carcillo.
16:45 of 2nd period - Minor Penalty to Shea Weber for Hooking.
16:46 of 2nd period - Martin Hanzal wins face-off versus Colin Fraser in Predators zone.
16:47 of 2nd period - Shot by Jaroslav Spacek.
16:47 of 2nd period - Stopped by Pekka Rinne without a rebound.
16:48 of 2nd period - Martin Hanzal wins face-off versus Colin Fraser in Predators zone.
17:01 of 2nd period - Shot by Martin Hanzal.
17:01 of 2nd period - Stopped by Pekka Rinne without a rebound.
17:02 of 2nd period - Colin Fraser wins face-off versus Martin Hanzal in Predators zone.
17:31 of 2nd period - Shot by Martin Hanzal.
17:31 of 2nd period - Stopped by Pekka Rinne without a rebound.
17:32 of 2nd period - Colin Fraser wins face-off versus Jamie Benn in Predators zone.
18:00 of 2nd period - Icing by Jarome Iginla.
18:01 of 2nd period - Colin Fraser wins face-off versus Eric Staal in Hurricanes zone.
18:26 of 2nd period - Shot by Jaroslav Spacek.
18:26 of 2nd period - Stopped by Pekka Rinne with a rebound.
18:30 of 2nd period - Shot by Martin Hanzal.
18:30 of 2nd period - Shot Hit the Post.
18:32 of 2nd period - Shot by Jaroslav Spacek.
18:32 of 2nd period - Stopped by Pekka Rinne without a rebound.
18:33 of 2nd period - Eric Staal wins face-off versus Nicklas Backstrom in Predators zone.
18:47 of 2nd period - Off-side.
18:48 of 2nd period - Nicklas Backstrom wins face-off versus Martin Hanzal in neutral zone.
18:56 of 2nd period - Minor Penalty to Brent Burns for Charging.
18:57 of 2nd period - Martin Hanzal wins face-off versus Colin Fraser in Predators zone.
19:02 of 2nd period - Shot by Michael Ryder.
19:02 of 2nd period - Stopped by Pekka Rinne without a rebound.
19:03 of 2nd period - Colin Fraser wins face-off versus Martin Hanzal in Predators zone.

Period #3

0:01 of 3rd period - Colin Fraser wins face-off versus Eric Staal in neutral zone.
0:38 of 3rd period - Shot by Andy Greene.
0:38 of 3rd period - Stopped by Pekka Rinne without a rebound.
0:39 of 3rd period - Colin Fraser wins face-off versus Martin Hanzal in Predators zone.
1:25 of 3rd period - Minor Penalty to Johnny Oduya for High sticking.
1:26 of 3rd period - Scottie Upshall wins face-off versus Martin Hanzal in Hurricanes zone.
1:33 of 3rd period - Shot by Jeff Carter.
1:33 of 3rd period - Shot Misses the Net.
1:37 of 3rd period - Shot by Scottie Upshall.
1:37 of 3rd period - Stopped by Brian Elliott without a rebound.
1:38 of 3rd period - Nicklas Backstrom wins face-off versus Eric Staal in Hurricanes zone.
1:39 of 3rd period - Shot by Marian Gaborik.
1:39 of 3rd period - Stopped by Brian Elliott without a rebound.
1:40 of 3rd period - Eric Staal wins face-off versus Nicklas Backstrom in Hurricanes zone.
1:57 of 3rd period - Shot by Marian Gaborik.
1:57 of 3rd period - Goal by Marian Gaborik - Predators : 4 - Hurricanes : 3.
1:58 of 3rd period - Mikhail Grabovski wins face-off versus Colin Fraser in neutral zone.
2:06 of 3rd period - Icing by Shea Weber.
2:07 of 3rd period - Steven Reinprecht wins face-off versus Colin Fraser in Predators zone.
2:13 of 3rd period - Minor Penalty to Jamie Benn for Slashing.
2:14 of 3rd period - Steven Stamkos wins face-off versus Jarome Iginla in Hurricanes zone.
2:19 of 3rd period - Shot by Jeff Carter.
2:19 of 3rd period - Shot Misses the Net.
2:21 of 3rd period - Shot by Milan Michalek.
2:21 of 3rd period - Shot Blocked by Andy Greene.
2:23 of 3rd period - Shot by Brent Burns.
2:23 of 3rd period - Stopped by Brian Elliott without a rebound.
2:24 of 3rd period - Martin Hanzal wins face-off versus Nicklas Backstrom in Hurricanes zone.
2:38 of 3rd period - Shot by Tomas Kaberle.
2:38 of 3rd period - Shot Blocked by Andy Greene.
4:35 of 3rd period - Icing by Freddy Meyer.
4:36 of 3rd period - Steven Reinprecht wins face-off versus Colin Fraser in Hurricanes zone.
4:36 of 3rd period - Steven Reinprecht is hit by Daniel Carcillo.
4:39 of 3rd period - Icing by Michael Ryder.
4:40 of 3rd period - Steven Reinprecht wins face-off versus Steven Stamkos in Hurricanes zone.
4:40 of 3rd period - Jan Hejda is hit by Simon Gagne and loses puck.
4:47 of 3rd period - Shot by Tomas Kaberle.
4:47 of 3rd period - Shot Misses the Net.
4:49 of 3rd period - Shot by Tomas Kaberle.
4:49 of 3rd period - Stopped by Brian Elliott without a rebound.
4:50 of 3rd period - Colin Fraser wins face-off versus Martin Hanzal in Hurricanes zone.
5:01 of 3rd period - Shot by Martin Hanzal.
5:01 of 3rd period - Deflect By Jed Ortmeyer.
5:01 of 3rd period - Shot Blocked by Daniel Carcillo.
5:33 of 3rd period - Double Minor Penalty to Jamie Benn for Slashing.
5:34 of 3rd period - Patric Hornqvist wins face-off versus Eric Staal in Hurricanes zone.
5:55 of 3rd period - Shot by Marian Gaborik.
5:55 of 3rd period - Goal by Marian Gaborik - Predators : 5 - Hurricanes : 3.
5:56 of 3rd period - Steven Stamkos wins face-off versus Martin Hanzal in neutral zone.
5:56 of 3rd period - Steven Stamkos is hit by Martin Hanzal.
6:16 of 3rd period - Shot by Jeff Carter.
6:16 of 3rd period - Stopped by Brian Elliott with a rebound.
6:18 of 3rd period - Shot by Scottie Upshall.
6:18 of 3rd period - Shot Misses the Net.
6:22 of 3rd period - Shot by Steven Stamkos.
6:22 of 3rd period - Deflect By Scottie Upshall.
6:22 of 3rd period - Goal by Scottie Upshall - Predators : 6 - Hurricanes : 3.
6:23 of 3rd period - Mikhail Grabovski wins face-off versus Patrik Elias in neutral zone.
6:34 of 3rd period - Shot by Brandon Yip.
6:34 of 3rd period - Shot Blocked by Derek Morris.
6:42 of 3rd period - Shot by Mikhail Grabovski.
6:42 of 3rd period - Shot Misses the Net.
6:44 of 3rd period - Shot by Freddy Meyer.
6:44 of 3rd period - Shot Blocked by Zbynek Michalek.
7:07 of 3rd period - Icing by Braydon Coburn.
7:08 of 3rd period - Eric Staal wins face-off versus Steven Stamkos in Predators zone.
7:17 of 3rd period - Shot by Jamie Benn.
7:17 of 3rd period - Shot Misses the Net.
7:19 of 3rd period - Shot by Eric Staal.
7:19 of 3rd period - Stopped by Pekka Rinne without a rebound.
7:20 of 3rd period - Nicklas Backstrom wins face-off versus Martin Hanzal in Predators zone.
7:39 of 3rd period - Shea Weber is hit by Martin Hanzal and loses puck.
7:50 of 3rd period - Shot by Nicklas Backstrom.
7:50 of 3rd period - Shot Blocked by Jan Hejda.
8:11 of 3rd period - Steven Stamkos is hit by Chris Thorburn and loses puck.
8:27 of 3rd period - Off-side.
8:28 of 3rd period - Patrik Elias wins face-off versus Eric Staal in neutral zone.
8:30 of 3rd period - Patric Hornqvist is hit by Jamie Benn and loses puck.
8:40 of 3rd period - Jarome Iginla is hit by Zbynek Michalek and loses puck.
9:10 of 3rd period - Icing by Derek Morris.
9:11 of 3rd period - Patric Hornqvist wins face-off versus Mikhail Grabovski in Predators zone.
9:26 of 3rd period - Mikhail Grabovski is hit by Patric Hornqvist and loses puck.
9:30 of 3rd period - Icing by Freddy Meyer.
9:31 of 3rd period - Steven Stamkos wins face-off versus Mikhail Grabovski in Hurricanes zone.
9:33 of 3rd period - Marian Gaborik is hit by Freddy Meyer and loses puck.
9:40 of 3rd period - Shot by Simon Gagne.
9:40 of 3rd period - Stopped by Brian Elliott with a rebound.
10:30 of 3rd period - Shot by Martin Hanzal.
10:30 of 3rd period - Shot Blocked by Braydon Coburn.
10:50 of 3rd period - Jarome Iginla is hit by Braydon Coburn and loses puck.
10:55 of 3rd period - Shot by Eric Staal.
10:55 of 3rd period - Shot Misses the Net.
10:57 of 3rd period - Shot by Andy Greene.
10:57 of 3rd period - Stopped by Pekka Rinne without a rebound.
10:58 of 3rd period - Nicklas Backstrom wins face-off versus Steven Reinprecht in Predators zone.
12:16 of 3rd period - Off-side.
12:17 of 3rd period - Martin Hanzal wins face-off versus Colin Fraser in neutral zone.
12:25 of 3rd period - Ryan OByrne is hit by Daniel Carcillo and loses puck.
12:55 of 3rd period - Icing by Shea Weber.
12:56 of 3rd period - Eric Staal wins face-off versus Colin Fraser in Predators zone.
14:00 of 3rd period - Shot by Jere Lehtinen.
14:00 of 3rd period - Stopped by Pekka Rinne without a rebound.
14:01 of 3rd period - Martin Hanzal wins face-off versus Simon Gagne in Predators zone.
14:08 of 3rd period - Shot by Chris Thorburn.
14:08 of 3rd period - Shot Misses the Net.
14:10 of 3rd period - Shot by Johnny Oduya.
14:10 of 3rd period - Shot Misses the Net.
14:12 of 3rd period - Shot by Martin Hanzal.
14:12 of 3rd period - Stopped by Pekka Rinne without a rebound.
14:13 of 3rd period - Steven Stamkos wins face-off versus Mikhail Grabovski in Predators zone.
14:17 of 3rd period - Off-side.
14:18 of 3rd period - Steven Stamkos wins face-off versus Mikhail Grabovski in neutral zone.
14:33 of 3rd period - Shot by Steven Stamkos.
14:33 of 3rd period - Shot Blocked by Freddy Meyer.
14:35 of 3rd period - Shot by Braydon Coburn.
14:35 of 3rd period - Stopped by Brian Elliott without a rebound.
14:36 of 3rd period - Martin Hanzal wins face-off versus Patrik Elias in Hurricanes zone.
14:54 of 3rd period - Icing by Derek Morris.
14:55 of 3rd period - Patrik Elias wins face-off versus Mikhail Grabovski in Predators zone.
15:31 of 3rd period - Icing by Milan Michalek.
15:32 of 3rd period - Patrik Elias wins face-off versus Chris Thorburn in Predators zone.
15:32 of 3rd period - Patrik Elias is hit by Chris Thorburn.
15:33 of 3rd period - Minor Penalty to Chris Thorburn for High sticking.
15:34 of 3rd period - Eric Staal wins face-off versus Steven Stamkos in Hurricanes zone.
15:44 of 3rd period - Off-side.
15:45 of 3rd period - Eric Staal wins face-off versus Steven Stamkos in neutral zone.
15:59 of 3rd period - Scottie Upshall is hit by Johnny Oduya and loses puck.
16:48 of 3rd period - Marian Gaborik is hit by Freddy Meyer and loses puck.
16:53 of 3rd period - Shot by Patric Hornqvist.
16:53 of 3rd period - Stopped by Brian Elliott without a rebound.
16:54 of 3rd period - Nicklas Backstrom wins face-off versus Martin Hanzal in Hurricanes zone.
17:54 of 3rd period - Shot by Jeff Carter.
17:54 of 3rd period - Shot Misses the Net.
18:23 of 3rd period - Ryan Wilson is hit by Wayne Simmonds and loses puck.
18:32 of 3rd period - Shot by Jarome Iginla.
18:32 of 3rd period - Shot Misses the Net.
19:10 of 3rd period - Off-side.
19:11 of 3rd period - Mikhail Grabovski wins face-off versus Patrik Elias in neutral zone.
19:46 of 3rd period - Derek Morris is hit by Brandon Yip and loses puck.


Output by the SimonT Hockey Simulator (STHS) for Stephane Roy -- Original Page W3C XHTML 1.0 Valid